 Dungeon Sprint DCSS version 0.30-a0-862-g1aabd4f9c5 (webtiles) character file.

Game seed: 13305853250896488981

219 Demosthentine the Blocker (level 6, -5/53 HPs)
             Began as a Formicid Fighter on Mar 9, 2023.
             Was a Follower of Cheibriados.
             Slain by a killer bee (9 damage)
             ... in the Dungeon (Sprint IV: "Fedhas' Mad Dash").
             The game lasted 00:01:20 (321 turns).

Demosthentine the Blocker (Formicid Fighter)         Turns: 321, Time: 00:01:21

Health: -5/53      AC:  7    Str: 24    XL:     6   Next: 17%
Magic:  6/6        EV: 12    Int: 10    God:    Cheibriados [*.....]
Gold:   49         SH:  6    Dex: 15    Spells: 5/5 levels left

rFire   . . .      SeeInvis +    a - +0 war axe
rCold   . . .      Faith    .    c - +0 buckler
rNeg    . . .      Spirit   .    b - +0 scale mail
rPois   .          Reflect  .    (helmet unavailable)
rElec   .          Rampage  .    (no cloak)
rCorr   .                        (no gloves)
Will    .....                    (no boots) Stlth
                                 j - amulet of invisibility {+Inv}
HPRegen 0.28/turn                (no ring)
MPRegen 0.10/turn                (no ring)

@: lethally poisoned (-5 -> -11), very slow
A: permanent stasis, dig shafts and tunnels, antennae 3, four strong arms
a: Dig, Renounce Religion, Evoke Invisibility, Bend Time


You were in the Dungeon.
You worshipped Cheibriados.
Cheibriados was aware of your devotion.
You visited 1 branch You collected 49 gold pieces.

Inventory:

Hand Weapons
 a - a +0 war axe (weapon)
Armour
 b - a +0 scale mail (worn)
 c - a +0 buckler (worn)
Jewellery
 j - the amulet of invisibility (around neck) {+Inv}
   (You found it in the Dungeon)

   [amulet of nothing]

   +Inv:      It lets you turn invisible.
Scrolls
 h - a scroll of blinking
 i - a scroll of identify {unknown}
Potions
 d - a potion of might
 e - a potion of curing
 g - 2 potions of magic


   Skills:
 + Level 6.6 Fighting
 + Level 5.5 Axes
 + Level 6.6 Armour
 + Level 4.5 Dodging
 + Level 8.0 Shields


You had 5 spell levels left.
You didn't know any spells.
Your spell library was empty.

Dungeon Overview and Level Annotations

Branches:
Dungeon (1/1)

Altars:
Cheibriados
Dithmenos
Elyvilon
Gozag
Hepliaklqana
Kikubaaqudgha
Makhleb
Nemelex Xobeh
Okawaru
Qazlal
Ru
Sif Muna
Trog
Uskayaw
Vehumet
Wu Jian
Xom
Yredelemnul
Zin
The Shining One
Jiyva
Lugonu


Innate Abilities, Weirdness & Mutations

You cannot be hasted, slowed, berserked, paralysed or teleported.
You can dig through walls and to a lower floor.
You have a pair of large antennae on your head. (SInv)
Your four strong arms can wield two-handed weapons with a shield.


Message History

You barely miss the killer bee. You block the killer bee's attack.
The queen bee calls on the killer bee to defend it!
The killer bee goes berserk!
The killer bee stings you. x2
You closely miss the killer bee.
You hit the killer bee but do no damage.
The killer bee closely misses you. The killer bee stings you!
You block the killer bee's attack. x2; The killer bee stings you.
The killer bee barely misses you.
Unknown command.
You hit the queen bee.
The queen bee is lightly wounded.
You slash the killer bee! The killer bee closely misses you. x2
The queen bee stings you!
Unknown command.
You slash the queen bee!
The queen bee is heavily wounded.
You barely miss the killer bee.
The killer bee stings you but does no damage.
The killer bee rages.
The killer bee closely misses you. The queen bee barely misses you.
The killer bee stings you but does no damage.
Okay, then.
Okay, then.
You slash the queen bee!
The queen bee is severely wounded.
You hit the killer bee. The killer bee completely misses you.
The queen bee stings you.
* * * LOW HITPOINT WARNING * * *
The killer bee stings you.
* * * LOW HITPOINT WARNING * * *
You slash the queen bee!
The queen bee is almost dead.
You miss the killer bee. The killer bee stings you!
* * * LOW HITPOINT WARNING * * *
You are lethally poisoned!
The killer bee poisons you!
The killer bee rages.
The queen bee calls on the killer bee to defend it!
The killer bee goes berserk!
The killer bee stings you!
You die...

##############################
#<..P#.....#.....#.⌠._._._._.⌠
#PP..'.)...'.#.[.'.._._._._._.
#PPPP#.....#.#...#..._._._._..
###############'##.._._._._._.
{ ♣.....†yy@...#._._._._._.⌠
y....♣...yy#...#############
{... ♣..♣..###### + #+##### {
{ { { { { {


You could see a queen bee and 3 killer bees.

Vanquished Creatures
  A scorpion (D)
  A killer bee (D)
  3 oklob saplings (D)
  A river rat (D)
  A rat (D)
7 creatures vanquished.

Notes
Turn   | Place    | Note
-------+----------+-------------------------------------------
     0 | D        | Demosthentine the Formicid Fighter began the quest for the
                  | Orb.
     0 | D        | Reached XP level 1. HP: 18/18 MP: 1/1
    13 | D        | Reached skill level 1 in Dodging
    13 | D        | Reached XP level 2. HP: 21/25 MP: 2/2
    31 | D        | Noticed an oklob sapling
    33 | D        | Killed an oklob sapling
    34 | D        | Reached skill level 5 in Shields
    34 | D        | Reached XP level 3. HP: 31/31 MP: 3/3
    35 | D        | Noticed a scorpion
    35 | D        | Found the amulet of invisibility {+Inv}
    40 | D        | Killed a scorpion
    41 | D        | Reached skill level 5 in Fighting
    41 | D        | Reached skill level 5 in Armour
    41 | D        | Reached skill level 6 in Shields
    41 | D        | Reached XP level 4. HP: 31/39 MP: 4/4
    84 | D        | Found an opulent altar of Gozag.
    84 | D        | Found a hazy altar of Hepliaklqana.
    84 | D        | Found a burning altar of Makhleb.
    84 | D        | Found a sparkling altar of Nemelex Xobeh.
    84 | D        | Found a snail-covered altar of Cheibriados.
    84 | D        | Found a sacrificial altar of Ru.
    84 | D        | Found a shimmering blue altar of Sif Muna.
    84 | D        | Found a shimmering altar of Xom.
    84 | D        | Found a basalt altar of Yredelemnul.
    85 | D        | Found a viscous altar of Jiyva.
    85 | D        | Found a bloodstained altar of Trog.
    85 | D        | Found an ornate altar of the Wu Jian Council.
    85 | D        | Noticed an oklob sapling priest
    86 | D        | Found an iron altar of Okawaru.
    86 | D        | Found a glowing silver altar of Zin.
    86 | D        | Found a shadowy altar of Dithmenos.
    87 | D        | Found a hide-covered altar of Uskayaw.
    87 | D        | Found an ancient bone altar of Kikubaaqudgha.
    88 | D        | Found a stormy altar of Qazlal.
    88 | D        | Found a glowing golden altar of the Shining One.
    88 | D        | Found a white marble altar of Elyvilon.
    89 | D        | Found a radiant altar of Vehumet.
    89 | D        | Found a corrupted altar of Lugonu.
    96 | D        | Killed an oklob sapling priest
    97 | D        | Reached skill level 7 in Shields
    97 | D        | Reached XP level 5. HP: 25/46 MP: 5/5
   100 | D        | Became a worshipper of Cheibriados the Contemplative
   184 | D        | Reached skill level 5 in Axes
   309 | D        | Noticed a queen bee
   313 | D        | Reached * piety under Cheibriados
   314 | D        | Reached skill level 8 in Shields
   314 | D        | Reached XP level 6. HP: 53/53 MP: 6/6
   321 | D        | Slain by a killer bee

Illustrated notes

Levels and vault maps discovered:
D:        dungeon_sprint_fedhas [sprint_temple]

Skill      XL: |  1  2  3  4  5 |
---------------+----------------+-----
Dodging        | 1 2 3 4 |  4.5
Fighting       | 4 5 6 |  6.6
Axes           | 3 4 5 |  5.5
Armour         | 4 5 6 |  6.6
Shields        | 5 6 7 8 |  8.0

Action                     |  1- 3 |  4- 6 || total
---------------------------+-------+-------++-------
  Melee: War axe           |    13 |    13 ||    26
    Use: Potion            |       |     1 ||     1
 Armour: Scale mail        |     5 |     2 ||     7
  Dodge: Dodged            |     5 |    13 ||    18
  Block: Buckler           |     1 |     3 ||     4

Table legend: (Time is in decaauts)
 A = Elapsed time spent in this place.
 B = Non-inter-level travel time spent in this place.
 C = Inter-level travel time spent in this place.
 D = Time resting spent in this place.
 E = Time spent auto-exploring this place.
 F = Levels seen in this place.
 G = Mean time per level.
                   A        B        C        D        E       F      G
               +--------+--------+--------+--------+--------+-----+--------+
         Total |    336 |    336 |      0 |    220 |      0 |   1 |  336.0 |
       Dungeon |    336 |    336 |      0 |    220 |      0 |   1 |  336.0 |
               +--------+--------+--------+--------+--------+-----+--------+

Top non-repeatable levels by time:
       D: 336 daAuts
